 Dungeon Crawl Stone Soup version 0.29-a0-555-g3b24f45cc1 (webtiles) character file.

Game seed: 5811328676191310431

2696 spiderkeys the Ducker (level 9, -5/54 HPs)
             Began as a Deep Elf Abyssal Knight on June 7, 2022.
             Was a High Priest of Lugonu.
             Slain by a shadow (27 damage)
             ... on level 7 of the Dungeon.
             The game lasted 00:28:30 (8940 turns).

spiderkeys the Ducker (Deep Elf Abyssal Knight)     Turns: 8940, Time: 00:28:30

Health: -5/54      AC:  8    Str: 10    XL:     9   Next: 38%
Magic:  19/19      EV: 13    Int: 22    God:    Lugonu [*****.]
Gold:   288        SH:  0    Dex: 15    Spells: 14/19 levels left

rFire   + . .      SeeInvis .   z - +3 whip (flame)
rCold   x . .      Faith    .   (no shield)
rNeg    . . .      Spirit   .   l - +0 ring mail
rPois   .          Reflect  .   (no helmet)
rElec   .          Harm     .   (no cloak)
rCorr   .          Rampage  .   (no gloves)
Will    +....                   S - +2 pair of boots
Stlth   +.........              A - amulet of the acrobat
HPRegen 0.98/turn               F - ring of fire
MPRegen 0.16/turn               (no ring)

@: no status effects
A: clever 1, strong-willed 1, regeneration 1
a: Renounce Religion, Depart the Abyss, Bend Space, Banish, Corrupt, Enter the
Abyss


You were on level 7 of the Dungeon.
You worshipped Lugonu.
Lugonu was extremely pleased with you.
You visited 1 branch of the dungeon, and saw 7 of its levels.
You visited the Abyss 1 time.
You also visited: Ossuary.

You collected 288 gold pieces.


Innate Abilities, Weirdness & Mutations

Your mind is acute. (Int +2)
You are strong-willed. (Will+)
Your natural rate of healing is unusually fast.


   Skills:
 + Level 5.3 Fighting
 - Level 2.2 Long Blades
 - Level 0.7 Armour
 + Level 7.8 Dodging
 + Level 5.8 Spellcasting
 + Level 5.0 Air Magic
 - Level 3.0 Earth Magic
 + Level 6.6 Invocations


You had 14 spell levels left.
You knew the following spells:

 Your Spells              Type           Power      Damage    Failure   Level
a - Airstrike             Air            14%        N/A       30%         4
s - Sandblast             Erth           38%        2d10      7%          1

Your spell library contained the following spells:

 Spells                   Type           Power      Damage    Failure   Level
 Passwall                 Tmut/Erth      10%        N/A       21%         2
 Freeze                   Ice            24%        1d5       24%         1
 Blink                    Tloc           12%        N/A       36%         2
 Ensorcelled Hibernation  Hex/Ice        12%        N/A       36%         2
 Stone Arrow              Conj/Erth      26%        3d8       36%         3
 Lesser Beckoning         Tloc           6%         N/A       58%         3
 Summon Lightning Spire   Summ/Air       17%        N/A       65%         4
 Animate Armour           Summ/Erth      26%        N/A       78%         4
 Lightning Bolt           Conj/Air       8%         1d21      94%         5
 Freezing Cloud           Conj/Ice/Air   6%         6-21      98%         5
 Blade Hands              Tmut           3%         N/A       100%        5
 Manifold Assault         Tloc           6%         N/A       100%        5
 Iron Shot                Conj/Erth      6%         9d2       100%        6
 Polar Vortex             Ice            3%         N/A       100%        9

Inventory:

Hand Weapons
 a - a +1 falchion
 z - a +3 whip of flaming (weapon)
   (You took it off Pikel on level 4 of the Dungeon)
Missiles
 M - a boomerang
 V - 6 poisoned darts
Armour
 b - a +0 leather armour
 e - a +0 robe
   (You found it on level 1 of the Dungeon)
 g - a +0 ring mail
   (You found it on level 1 of the Dungeon)
 i - a +0 robe
   (You found it on level 1 of the Dungeon)
 k - a +0 leather armour
   (You found it on level 1 of the Dungeon)
 l - a +0 ring mail (worn)
   (You took it off a kobold on level 2 of the Dungeon)
 m - a +0 robe
   (You found it on level 2 of the Dungeon)
 o - a +0 leather armour
   (You found it on level 3 of the Dungeon)
 q - a +0 ring mail
   (You took it off a gnoll on level 3 of the Dungeon)
 r - a +0 chain mail
   (You found it on level 4 of the Dungeon)
 s - a +0 plate armour
   (You found it on level 4 of the Dungeon)
 u - the +2 helmet of Contumacious Fun {Harm rF+}
   (You found it on level 2 of the Dungeon)

   rF:        It protects you from fire.
   Harm:      It increases damage dealt and taken.
 w - a +0 leather armour
   (You found it on level 3 of the Dungeon)
 y - a +0 robe
   (You took it off Pikel on level 4 of the Dungeon)
 B - a +0 leather armour
   (You found it on level 4 of the Dungeon)
 C - a +0 chain mail
   (You took it off an orc warrior on level 5 of the Dungeon)
 G - a +0 ring mail
   (You found it on level 4 of the Dungeon)
 L - a +0 leather armour
   (You took it off an orc on level 5 of the Dungeon)
 N - a +0 robe
   (You took it off an orc wizard on level 6 of the Dungeon)
 S - a +2 pair of boots (worn)
   (You found it on level 3 of the Dungeon)
 T - a +0 robe
   (You took it off Blork the orc on level 5 of the Dungeon)
 U - a +0 robe
   (You took it off an orc wizard on level 5 of the Dungeon)
 X - a +0 leather armour
   (You took it off an orc on level 6 of the Dungeon)
 Y - a +0 leather armour
   (You found it on level 6 of the Dungeon)
Jewellery
 f - a ring of protection from fire
   (You found it on level 5 of the Dungeon)
 A - an amulet of the acrobat (around neck)
   (You took it off an orc on level 4 of the Dungeon)
 F - a ring of fire (left hand)
   (You found it on level 4 of the Dungeon)
 R - a ring of resist corrosion
   (You found it on level 6 of the Dungeon)
Wands
 j - a wand of digging (4)
   (You found it in an ossuary)
 E - a wand of iceblast (7)
   (You found it on level 4 of the Dungeon)
 Z - a wand of polymorph (9)
   (You found it on level 6 of the Dungeon)
Scrolls
 c - 3 scrolls of teleportation {@r4}
 h - a scroll of fog
 p - 4 scrolls of amnesia
 t - 3 scrolls of poison {!r}
 x - a scroll of blinking {!r}
 H - a scroll of immolation {!r!r}
 P - 3 scrolls of enchant armour
 Q - a scroll of brand weapon
Potions
 d - 2 potions of lignification {unknown}
 n - a potion of might
 v - 2 potions of ambrosia
 D - 2 potions of heal wounds {unknown}
 I - a potion of resistance {unknown}
 J - a potion of berserk rage {unknown}
 K - 2 potions of degeneration {unknown}
 O - a potion of curing {@q1}
 W - a potion of flight

Dungeon Overview and Level Annotations

Branches:
Dungeon (7/15)             Temple (0/1) D:6         Ossuary (visited)

Altars:
Dithmenos

Shops:
D:5

? #.# #.# ## #.# . #.#
###.# #.# #.#.###
########.# #.....
#........#######.#.#####
#{@................
............(...........
#.####.#########.#.#####
####.#########.#..####
#.#..#.##.....##.......#
#.#...........#####..#..
#.#....................#
#.#...........##........
#.#.<..........#.###.#.#


There were no monsters in sight!


Message History

You now have enough gold to buy a scroll of brand weapon on D:5.
You can access your shopping list by pressing '$'.
You now have 288 gold pieces (gained 10). 😎 HP[+15]
Your hp is fully restored (54).
Your pack is full.
You see here 18 stones.
Your pack is full.
You see here 18 stones.
Could not pick up 18 stones here; ([A]lways) ignore it? [Y]es, [N]o, or [A]lways only, please.
Could not pick up 18 stones here; ([A]lways) ignore it?
Autopickup disabled for stones.
A shadow comes into view.
A shadow is nearby!
A shadow is nearby!
The shadow closely misses you.
You barely miss the shadow. The shadow hits you. 😕 HP[-1]
You take 1 damage, and now have 53/54 hp.
You hit the shadow but do no damage. The shadow hits you. 😎 HP[+1]
Your hp is fully restored (54).
You hit the shadow but do no damage. The shadow closely misses you.
You closely miss the shadow. The shadow hits you! 😕 HP[-11]
You take 11 damage, and now have 43/54 hp.
MASSIVE DAMAGE!! (PAUSE)
You hit the shadow. You burn the shadow. The shadow misses you. 😕 HP[+1]
You barely miss the shadow. The shadow closely misses you.
The shadow hits you! 😮 HP[-7]
You take 7 damage, and now have 37/54 hp.
You are too injured to fight recklessly!
You are too injured to fight recklessly!
You are too injured to fight recklessly!
You are too injured to fight recklessly!
You are too injured to fight recklessly!
You hit the shadow. You burn the shadow. The shadow misses you. 😮 HP[+1]
You hit the shadow. You burn the shadow. The shadow barely misses you. 😮 HP[+2]
You regained 2 hp, and now have 40/54 hp.
You hit the shadow but do no damage. The shadow closely misses you. 😕 HP[+1]
You hit the shadow. You burn the shadow. The shadow hits you! 😮 HP[-6]
You take 6 damage, and now have 35/54 hp.
You completely miss the shadow. The shadow hits you. 😮 HP[+1]
You barely miss the shadow. The shadow closely misses you. 😮 HP[+1]
You hit the shadow. You burn the shadow. The shadow hits you. 😮 HP[+1]
You hit the shadow. You burn the shadow.
The shadow slips into darkness.
The shadow flickers and vanishes!
Deactivating autopickup; reactivate with Ctrl-A. 😮 HP[+1]
You hit something but do no damage.
The shadow strikes at you from the darkness!
* * * LOW HITPOINT WARNING * * *
Reactivating autopickup. 😨 HP[-12]
You take 12 damage, and now have 27/54 hp.
MASSIVE DAMAGE!! (PAUSE)
You hit the shadow but do no damage. You punch the shadow, but do no damage.
The shadow hits you.
* * * LOW HITPOINT WARNING * * *
The shadow hits you.
* * * LOW HITPOINT WARNING * * *
😨 HP[-7]
You take 7 damage, and now have 20/54 hp.
You closely miss the shadow. The shadow closely misses you. 😨 HP[+1]
You hit the shadow but do no damage. The shadow closely misses you. 😨 HP[+1]
You barely miss the shadow. The shadow hits you!
* * * LOW HITPOINT WARNING * * *
😨 HP[-7]
You take 7 damage, and now have 15/54 hp.
You hit the shadow. You burn the shadow. The shadow misses you. 😨 HP[+2]
You regained 2 hp, and now have 17/54 hp.
You closely miss the shadow. The shadow barely misses you. 😨 HP[+1]
You closely miss the shadow. The shadow barely misses you. 😨 HP[+1]
You hit the shadow but do no damage. The shadow closely misses you. 😨 HP[+1]
You barely miss the shadow. The shadow misses you. 😨 HP[+1]
You closely miss the shadow.
The shadow slips into darkness.
The shadow flickers and vanishes!
Deactivating autopickup; reactivate with Ctrl-A. 😨 HP[+1]
The shadow strikes at you from the darkness!
Ouch! That really hurt!
You die...

Skill      XL: |  1  2  3  4  5  6  7  8  9 |
---------------+----------------------------+-----
Long Blades    | 2 |  2.2
Spellcasting   | 1 2 3 4 5 |  5.8
Dodging        | 3 4 5 6 7 |  7.8
Invocations    | 3 4 6 |  6.6
Fighting       | 3 4 5 |  5.3
Air Magic      | 2 4 5 |  5.0
Earth Magic    | 2 3 |  3.0
Armour         | |  0.7

Action                   |  1- 3 |  4- 6 |  7- 9 || total
-------------------------+-------+-------+-------++-------
Melee: Falchion          |   123 |   334 |       ||   457
       Punch             |       |     4 |    14 ||    18
       Whip              |       |       |   563 ||   563
Throw: Dart              |       |    10 |    13 ||    23
       Stone             |       |     2 |       ||     2
       Boomerang         |       |       |     3 ||     3
 Cast: Sandblast         |       |       |     4 ||     4
Invok: Bend Space        |     1 |    14 |    30 ||    45
       Banish            |       |       |     1 ||     1
Evoke: Wand              |       |       |     1 ||     1
  Use: Potion            |     2 |     4 |       ||     6
       Scroll            |     1 |    10 |     6 ||    17
 Stab: Distracted        |       |     1 |       ||     1
Armor: Leather armour    |    31 |       |       ||    31
       Ring mail         |     7 |   123 |   258 ||   388
Dodge: Dodged            |    94 |   240 |   432 ||   766

Levels and vault maps discovered:
D:1:      dpeg_arrival_tiny_c, layout_rooms,
          shapermc_ecumenical_altar_mp_ritualfount
D:2:      layout_basic, basic_altar
D:3:      layout_basic, uniq_natasha
D:4:      layout_rooms, minmay_bent, uniq_pikel
D:5:      layout_cave_pools, nicolae_ossuary_entry_ruins, serial_shops,
          nicolae_shop_hallway_stairs, uniq_blork_the_orc
D:6:      layout_gridville, minmay_temple_entry_nine_rooms, serial_bayou_pond_d
D:7:      layout_basic, serial_shops, nicolae_shop_hallway_stairs,
          kennysheep_cluttered_room, nicolae_concentric_dashed_squares_wild,
          uniq_joseph, uniq_maggie

Notes
Turn   | Place    | Note
-------+----------+-------------------------------------------
     0 | Abyss:1  | spiderkeys the Deep Elf Abyssal Knight began the quest for
                  | the Orb.
     0 | Abyss:1  | Reached XP level 1. HP: 13/13 MP: 4/4
     0 | Abyss:1  | magus.rc [v1.11.3]
    72 | Abyss:1  | Found a corrupted altar of Lugonu.
    89 | Abyss:1  | Found a corrupted altar of Lugonu.
   133 | D:1      | You pass through the gate.
   133 | D:1      | Escaped the Abyss
   157 | D:1      | Found a faded altar of an unknown god.
   368 | D:1      | HP: 3/13 [kobold/+0 short sword (2)]
   369 | D:1      | HP: 1/13 [constriction (1)]
   371 | D:1      | Reached XP level 2. HP: 2/18 MP: 5/5
   690 | D:1      | Reached skill level 2 in Long Blades
   845 | D:1      | Reached skill level 1 in Spellcasting
   929 | D:1      | HP: 4/18 [quokka (4)]
  1158 | D:1      | HP: 3/18 [gnoll/+0 flail (8)]
  1171 | D:1      | Reached XP level 3. HP: 22/22 MP: 5/7
  1204 | D:1      | Reached skill level 3 in Dodging
  1404 | D:1      | You pick up a book of Storms and begin reading...
  1404 | D:1      | You add the spells Airstrike, Summon Lightning Spire and
                  | Lightning Bolt to your library.
  1551 | D:2      | Reached *** piety under Lugonu
  1600 | D:2      | You fall into a shaft and drop 2 floors!
  1745 | D:4      | Noticed a lemure
  1921 | D:3      | Reached skill level 2 in Spellcasting
  1929 | D:3      | Reached XP level 4. HP: 17/27 MP: 9/9
  2210 | D:2      | Found a shadowy altar of Dithmenos.
  2786 | D:2      | Reached skill level 3 in Spellcasting
  3036 | D:2      | Reached skill level 3 in Invocations
  3086 | D:2      | Reached skill level 3 in Fighting
  3124 | D:2      | Identified the +2 helmet of Contumacious Fun {Harm rF+}
  3370 | D:3      | Noticed a scorpion
  3371 | D:3      | You pick up a book of Spatial Translocations and begin
                  | reading...
  3371 | D:3      | You add the spells Blink, Lesser Beckoning and Manifold
                  | Assault to your library.
  3593 | D:3      | Noticed Natasha
  3599 | D:3      | Reached XP level 5. HP: 24/32 MP: 11/11
  3602 | D:3      | Killed Natasha
  3774 | D:3      | Noticed Natasha
  3782 | D:3      | Killed Natasha
  3920 | D:3      | Noticed Natasha
  3927 | D:3      | HP: 5/32 [shadow imp/nerve-wracking pain[Natasha] (13)]
  3928 | D:3      | Gained mutation: You are strong-willed. (Will+) [potion of
                  | mutation]
  3928 | D:3      | Gained mutation: Your mind is acute. (Int +2) [potion of
                  | mutation]
  3928 | D:3      | Gained mutation: Your natural rate of healing is unusually
                  | fast. [potion of mutation]
  4235 | D:3      | Killed Natasha
  4395 | D:3      | Reached skill level 4 in Spellcasting
  4428 | D:4      | HP: 8/32 [scorpion (3)]
  4429 | D:4      | HP: 3/32 [poisoned by a scorpion]
  4494 | D:4      | Noticed Pikel
  4508 | D:3      | Learned a level 4 spell: Airstrike
  4548 | D:4      | Reached skill level 4 in Dodging
  4548 | D:4      | Reached XP level 6. HP: 25/37 MP: 14/14
  4784 | D:3      | Reached skill level 1 in Air Magic
  4858 | D:4      | Reached **** piety under Lugonu
  5387 | D:4      | HP: 5/37 [Pikel/+2 whip of flaming (10)]
  5431 | D:4      | HP: 7/37 [Pikel/+2 whip of flaming (7)]
  5468 | D:4      | Killed Pikel
  5469 | D:4      | Reached skill level 4 in Fighting
  5469 | D:4      | Reached skill level 5 in Dodging
  5469 | D:4      | Reached skill level 5 in Spellcasting
  5469 | D:4      | Reached skill level 2 in Air Magic
  5469 | D:4      | Reached skill level 4 in Invocations
  5469 | D:4      | Reached XP level 7. HP: 28/43 MP: 14/16
  5686 | D:5      | Entered Level 5 of the Dungeon
  5792 | D:5      | Found a sand-covered staircase.
  5801 | Ossuary  | Entered an ossuary
  6086 | Ossuary  | Reached ***** piety under Lugonu
  6087 | Ossuary  | Reached skill level 6 in Dodging
  6087 | Ossuary  | Reached XP level 8. HP: 47/48 MP: 17/17
  6123 | Ossuary  | Reached skill level 3 in Air Magic
  6123 | Ossuary  | Reached skill level 5 in Invocations
  6371 | D:5      | You pick up a book of Iron and begin reading...
  6371 | D:5      | You add the spells Animate Armour, Blade Hands and Iron
                  | Shot to your library.
  6397 | D:5      | Found Pujeg's Magic Scroll Shop.
  6423 | D:5      | Noticed Blork the orc
  6551 | D:5      | You pick up a book of Geomancy and begin reading...
  6551 | D:5      | You add the spells Sandblast, Passwall and Stone Arrow to
                  | your library.
  6554 | D:5      | Learned a level 1 spell: Sandblast
  6571 | D:5      | You add the spells Freeze, Ensorcelled Hibernation,
                  | Freezing Cloud and Polar Vortex to your library.
  6571 | D:5      | Got the Incunabulum of the Glacier
  6755 | D:5      | Killed Blork the orc
  6871 | D:5      | HP: 8/48 [orc warrior/+0 battleaxe (17)]
  7050 | D:5      | HP: 10/48 [orc warrior/+0 battleaxe (16)]
  7101 | D:5      | Reached skill level 1 in Earth Magic
  7346 | D:6      | Reached skill level 4 in Air Magic
  7364 | D:6      | Reached skill level 7 in Dodging
  7368 | D:6      | Reached skill level 2 in Earth Magic
  7459 | D:6      | Found a staircase to the Ecumenical Temple.
  7536 | D:6      | HP: 12/48 [something/puff of flame (4)]
  7552 | D:6      | Reached skill level 6 in Invocations
  7565 | D:6      | Reached skill level 5 in Fighting
  7620 | D:6      | Reached XP level 9. HP: 30/54 MP: 18/18
  8319 | D:4      | Reached skill level 3 in Earth Magic
  8538 | D:5      | HP: 11/54 [yak (7)]
  8875 | D:7      | Reached skill level 5 in Air Magic
  8940 | D:7      | Slain by a shadow

Vanquished Creatures
  Pikel (D:4)
  3 yaks
  A water moccasin (D:6)
  An orc warrior (D:5)
  A sky beast (D:6)
  A black bear (D:6)
  4 lemures (D:3)
  A phantom (D:4)
  An elf zombie (Ossuary)
  Blork the orc (D:5)
  A necrophage (D:6)
  3 scorpions
  3 howler monkeys
  2 hounds
  2 human zombies (Ossuary)
  2 jellies
  4 iguanas
  4 orc wizards
  Natasha (thrice) (D:3)
  2 mummies (Ossuary)
  7 adders
  6 gnolls
  2 white imps
  2 ufetubi
  2 adder zombies (Ossuary)
  2 dart slugs
  9 orcs
  5 bats
  8 endoplasms
  10 giant cockroaches
  9 goblins
  6 hobgoblins
  11 jackals
  3 kobolds
  6 quokkas
  10 ball pythons
  7 frilled lizards
  3 goblin zombies (Ossuary)
  13 hobgoblin zombies (Ossuary)
  2 jackal zombies (Ossuary)
  5 kobold zombies (Ossuary)
  8 orc zombies (Ossuary)
  3 rats
  A rat zombie (Ossuary)
181 creatures vanquished.

Vanquished Creatures (others)
  A plant (D:1)
1 creature vanquished.

Grand Total: 182 creatures vanquished

Table legend:
 A = Non-vault XP
 B = Vault XP
 C = Vault XP percentage of total XP
 D = Non-vault monster count
 E = Vault monster count
 F = Vault count percentage of total count
                 A         B        C        D         E       F
            +---------+---------+-------+---------+---------+-------
      Total |    2745 |    1107 |  28.7 |     129 |      49 |  27.5
            +---------+---------+-------+---------+---------+-------
        D:1 |      57 |       0 |   0.0 |      26 |       0 |   0.0
        D:2 |      79 |      37 |  31.9 |      32 |       1 |   3.0
        D:3 |     276 |      51 |  15.6 |      24 |       3 |  11.1
        D:4 |     370 |     660 |  64.1 |      10 |       5 |  33.3
        D:5 |     923 |      94 |   9.2 |      18 |       1 |   5.3
        D:6 |    1030 |       0 |   0.0 |      18 |       0 |   0.0
        D:7 |      10 |       0 |   0.0 |       1 |       0 |   0.0
    Ossuary |       0 |     265 | 100.0 |       0 |      39 | 100.0
            +---------+---------+-------+---------+---------+-------

Illustrated notes

Table legend:
 A = Kills in this place as a percentage of kills in entire the game.
 B = Kills by you in this place as a percentage of kills by you in the entire game.
 C = Kills by friends in this place as a percentage of kills by friends in the entire game.
 D = Other kills in this place as a percentage of other kills in the entire game.
 E = Experience gained in this place as a percentage of experience gained in the entire game.
 F = Experience gained in this place divided by the number of levels of this place that you have seen.
                   A       B       C       D       E      F
               +-------+-------+-------+-------+-------+----------------------
         Total | 100.0 | 100.0 |   N/A | 100.0 | 100.0 | 428.0
       Dungeon |  78.1 |  78.0 |   N/A | 100.0 |  93.1 | 512.4
       Ossuary |  21.9 |  22.0 |   N/A |   0.0 |   6.9 | 265.0
               +-------+-------+-------+-------+-------+----------------------

Table legend: (Time is in decaauts)
 A = Elapsed time spent in this place.
 B = Non-inter-level travel time spent in this place.
 C = Inter-level travel time spent in this place.
 D = Time resting spent in this place.
 E = Time spent auto-exploring this place.
 F = Levels seen in this place.
 G = Mean time per level.
                   A        B        C        D        E       F      G
               +--------+--------+--------+--------+--------+-----+--------+
         Total |   9113 |   8657 |    456 |    980 |   4823 |   9 | 1012.6 |
       Dungeon |   8541 |   8085 |    456 |    974 |   4611 |   7 | 1220.1 |
         Abyss |    133 |    133 |      0 |      0 |    106 |   1 |  133.0 |
       Ossuary |    438 |    438 |      0 |      6 |    106 |   1 |  438.0 |
               +--------+--------+--------+--------+--------+-----+--------+

Top non-repeatable levels by time:
     D:3: 1897 daAuts
     D:2: 1806 daAuts
     D:5: 1338 daAuts
     D:6: 1281 daAuts
     D:1: 1128 daAuts
     D:4: 1004 daAuts
 Ossuary: 438 daAuts
 Abyss:1: 133 daAuts
     D:7: 85 daAuts
